cohdb
Replays
Latest Replays
All Replays
Popular Replays
Top Player Replays
Match Explorer
How It Works
Community
CoH3 Stats
Reddit
Sign in to upload your games and track your stats! →
Sign in with Steam
Match 45771892
Unlisted
Match 45771892
Overview
Messages
Build Orders
End
Construct Barracks
Riflemen Squad
Selects Advanced Infantry Battlegroup
M1 Mortar Team
Riflemen Squad
Riflemen Squad
Selects Convert to Ranger Squad
Grenade Package
Infantry Support Center
Advanced Logistics
Selects Frontline Medical Station
Frontline Medical Station
Convert to Ranger Squad
Construct Weapon Support Center
Convert to Ranger Squad
Construct Motor Pool
M8 Greyhound Armored Car
Selects Ranger Weapon Training
Improved M9 Bazooka Rockets
Engineer Squad
Survival Training
Munitions Surplus
Convert to Ranger Squad
Selects Ammunition Storage
Selects M2A1 105mm Howitzer Emplacement
M1 Anti-tank Gun Team
Ranger Squad
Construct Tank Depot
Selects Free Fire Drills
M4A1 Sherman Medium Tank
M3 Armored Personnel Carrier
M4A1 Sherman Medium Tank
Ranger Squad
M4(105) Sherman Bulldozer
M4A1 Sherman Medium Tank
TeamSpeakUser
LITTLE TRICKSTER
Da Cracka Whacka
jway22
Guille1944
Sauron
MAKattack
GodoSaurio
0
0
Comments
sign in to comment!
No comments posted yet!